 Dungeon Crawl Stone Soup version 0.30.0-5-g1a98f26d00 (webtiles) character file.

Game seed: 10514417675643456163

78 monsoonserge the Cudgeller (level 4, -4/40 HPs)
             Began as a Meteoran Cinder Acolyte on May 10, 2023.
             Was a High Priest of Ignis.
             Slain by a gnoll
             ... wielding a +0 spear
              (5 damage)
             ... on level 3 of the Dungeon.
             The game lasted 00:05:06 (756 turns).

monsoonserge the Cudgeller (Meteoran Cinder Acolyte) Turns: 756, Time: 00:05:07

Health: -4/40      AC: 10    Str: 18    XL:     4   Next: 93%
Magic:  7/7        EV:  5    Int: 15    God:    Ignis [*****.]
Gold:   56         SH:  0    Dex:  9    Spells: 5/5 levels left

rFire   + . .        a - -1 mace (flame)
rCold   . . .        (no shield)
rNeg    . . .        g - +0 plate armour
rPois   .            (no helmet)
rElec   .            (no cloak)
rCorr   .            (no gloves)
SInv    .            (no boots)
Will    .....        (no amulet) Stlth
                     (no ring)
HPRegen 0.26/turn    (no ring)
MPRegen 0.10/turn

%: no passive effects
@: rising, flying, glowing
A: sense surroundings 1, otherworldly, glowing, explore regen
a: Renounce Religion, Fiery Armour, Foxfire Swarm


You were on level 3 of the Dungeon.
You worshipped Ignis.
Ignis was extremely pleased with you.
You visited 1 branch of the dungeon, and saw 3 of its levels.

You collected 56 gold pieces.

Inventory:

Hand Weapons
 a - a -1 mace of flaming (weapon)
Missiles
 h - 5 atropa-tipped darts
 i - 11 boomerangs (quivered)
Armour
 b - a +0 robe
 g - a +0 plate armour (worn)
Scrolls
 c - a scroll of magic mapping {unknown}
 d - a scroll of immolation {unknown}
 f - a scroll of poison {unknown}
 k - a scroll of noise {unknown}
 l - a scroll of identify {unknown}
 m - a scroll of teleportation {unknown}


   Skills:
 + Level 4.1 Fighting
 + Level 5.6 Maces & Flails
 + Level 0.1 Throwing
 + Level 0.5 Armour
 + Level 0.1 Dodging
 + Level 1.3 Spellcasting
 + Level 3.9 Fire Magic


You had 5 spell levels left.
You didn't know any spells.
Your spell library contained the following spells:

 Spells                   Type           Power      Damage    Failure   Level
 Scorch                   Fire           24%        2d6       98%         2


Dungeon Overview and Level Annotations

Branches:
Dungeon (3/15) Zot: 1027

Altars:


Innate Abilities, Weirdness & Mutations

You passively map a small area around you.
You are easily found by Zot.
You glow in the dark.
You regain HP and MP as you explore.


Message History

There are no items here.
A gnoll comes into view. It is wielding a +0 spear.
The gnoll shouts!
A gnoll comes into view. It is wielding a +0 flail.
A gnoll comes into view. It is wielding a +0 spear.
The gnoll shouts!
Found a stone staircase leading down.
Found a scroll labelled UTSU CESSOUGI.
The gnoll hits you with a +0 spear.
You hit the gnoll but do no damage. The gnoll hits you but does no damage.
The gnoll hits you from afar with a +0 spear.
The gnoll hits you but does no damage.
The gnoll hits you but does no damage. x2
You hit the gnoll. You burn the gnoll.
The gnoll is moderately wounded.
The gnoll barely misses you. The gnoll hits you but does no damage.
You hit the gnoll. You burn the gnoll.
The gnoll is moderately wounded.
The gnoll hits you with a +0 spear! The gnoll hits you but does no damage.
You hit the gnoll but do no damage.
The gnoll is moderately wounded.
The gnoll barely misses you.
The gnoll hits you from afar with a +0 spear!
You hit the gnoll. You burn the gnoll.
The gnoll is severely wounded.
The gnoll hits you with a +0 spear.
The gnoll hits you from afar with a +0 spear.
* * * LOW HITPOINT WARNING * * *
It was a potion of cancellation.
You feel magically purged. The gnoll hits you with a +0 spear.
* * * LOW HITPOINT WARNING * * *
The gnoll hits you from afar with a +0 spear.
* * * LOW HITPOINT WARNING * * *
It was a potion of flight.
You feel very buoyant.
You fly up into the air.
The gnoll hits you with a +0 spear.
* * * LOW HITPOINT WARNING * * *
The gnoll hits you but does no damage.
You begin to rise into the air.
The gnoll hits you from afar with a +0 spear.
You die...

,, * #.# #####.........
* #.# #......... #.#
#......... *
#.#######......... , *
#.#...##.......... *
#.##..........#### *
###.##..##.......... ,
*#.............###### *
,
......#@###..#..........
.#..###g#*#.........# ##
... * #gg...#.........
..*,, ................#
# , .........#...##### ,
,......#.......
#...........,, , ,
......>..... *
.?......#....* *


You could see 3 gnolls.

Vanquished Creatures
  Jessica (D:2)
  2 adders (D:2)
  A dart slug (D:3)
  An orc (D:3)
  2 ball pythons
  3 endoplasms (D:2)
  5 giant cockroaches
  A goblin (D:1)
  4 hobgoblins
  A quokka (D:2)
  3 bats
  A frilled lizard (D:1)
  A kobold (D:2)
  5 rats
31 creatures vanquished.

Notes
Turn   | Place    | Note
-------+----------+-------------------------------------------
     0 | D:1      | monsoonserge the Meteoran Cinder Acolyte began the quest
                  | for the Orb.
     0 | D:1      | Reached XP level 1. HP: 19/19 MP: 3/3
   116 | D:1      | Reached XP level 2. HP: 25/26 MP: 5/5
   485 | D:2      | Reached XP level 3. HP: 31/31 MP: 6/6
   486 | D:2      | Reached skill level 5 in Maces & Flails
   491 | D:2      | Noticed Jessica
   499 | D:2      | Killed Jessica
   500 | D:2      | Reached XP level 4. HP: 27/40 MP: 7/7
   754 | D:3      | HP: 1/40 [gnoll/+0 spear (6)]
   756 | D:3      | Slain by a gnoll

Illustrated notes

Levels and vault maps discovered:
D:1:      mrwooster_arrival_arrow, layout_loops_corners,
          ebering_ecumenical_altar_mist, minmay_misc_feat_plants
D:2:      layout_rooms, chequers_garden, minmay_misc_feat_roman, uniq_jessica
D:3:      layout_rooms, serial_co_window_serial, co_window_paths_a,
          co_window_paths_a, co_window_paths_a, co_window_corner_a,
          co_window_paths_a, co_window_paths_b, co_window_corner_a,
          co_window_corner_ca, co_window_unsneaky_path_b, co_window_corner_b,
          co_window_cross_4, co_window_broadway_b, co_window_corner_b,
          co_window_corner_ca, glass_columns_a, glass_columns_c,
          glass_columns_a, glass_columns_c

Skill      XL: |  1  2  3  4 |
---------------+-------------+-----
Maces & Flails | 5 |  5.6
Fighting       | 4 |  4.1
Throwing       | |  0.1
Armour         | |  0.5
Dodging        | |  0.1
Spellcasting   | |  1.3
Fire Magic     | |  3.9

Action                     |  1- 3 |  4- 6 || total
---------------------------+-------+-------++-------
  Melee: Mace              |    55 |    42 ||    97
  Throw: Boomerang         |     1 |     2 ||     3
 Invoke: Rising Flame      |       |     1 ||     1
    Use: Potion            |       |     2 ||     2
 Armour: Plate armour      |    34 |    37 ||    71
  Dodge: Dodged            |    13 |     7 ||    20
